 Dungeon Crawl Stone Soup version 0.30.0-5-g1a98f26d00 (webtiles) character file.

Game seed: 414004324187174568

1698 Klatu the Cleaver (level 9, 0/48 HPs)
             Began as a Gargoyle Artificer on May 9, 2023.
             Was a Believer of Nemelex Xobeh.
             Slain by a wight
             ... wielding a +0 halberd
              (8 damage)
             ... on level 6 of the Dungeon.
             The game lasted 00:55:48 (6364 turns).

Klatu the Cleaver (Gargoyle Artificer)              Turns: 6364, Time: 00:55:48

Health: 0/48       AC: 18    Str: 26    XL:     9   Next: 3%
Magic:  9/9        EV:  6    Int: 12    God:    Nemelex Xobeh [**....]
Gold:   193        SH:  3    Dex: 10    Spells: 8/8 levels left

rFire   . . .        a - +1 hand axe (heavy)
rCold   . . .        f - +0 buckler
rNeg    + . .        q - +0 plate armour
rPois   ∞            (no helmet)
rElec   +            r - scarf {repulsion}
rCorr   .            v - +0 pair of gloves
SInv    .            (no boots)
Will    .....        (no amulet) Stlth
                     j - +6 ring of strength
HPRegen 0.28/turn    (no ring)
MPRegen 0.11/turn

%: repel missiles
@: no status effects
A: sickness immunity, AC +6, negative energy resistance 1, electricity
resistance, torment resistance 1, petrification resistance
a: Renounce Religion, Draw Escape, Draw Destruction, Draw Summoning


You were on level 6 of the Dungeon.
You worshipped Nemelex Xobeh.
Nemelex Xobeh was pleased with you.
You visited 2 branches of the dungeon, and saw 7 of its levels.
You also visited: Ossuary.

You collected 253 gold pieces.
You spent 60 gold pieces at shops.

Inventory:

Hand Weapons
 a - a +1 heavy hand axe (weapon)
 b - a +0 dagger of venom
 E - the +3 flail "Ogre's Undoing" {spect, rElec rF+ Int+2}
   (You took it off Dowan on level 6 of the Dungeon)

   Int:       It affects your intelligence (+2).
   rF:        It protects you from fire.
   rElec:     It insulates you from electricity.
Missiles
 g - 6 javelins
 i - a throwing net
Armour
 f - a +0 buckler (worn)
 q - a +0 plate armour (worn)
 r - a scarf of repulsion (worn)
 v - a +0 pair of gloves (worn)
 z - a +0 kite shield
Jewellery
 j - a +6 ring of strength (left hand)
Wands
 c - a wand of flame (8) (quivered)
 d - a wand of charming (15)
 e - a wand of iceblast (4)
 m - a wand of roots (16)
 A - a wand of quicksilver (4)
Scrolls
 k - 2 scrolls of enchant weapon
 n - 5 scrolls of teleportation
 p - 2 scrolls of enchant armour {unknown}
 y - 2 scrolls of immolation
 B - a scroll of identify
 D - a scroll of magic mapping
Potions
 h - 2 potions of invisibility
 l - 2 potions of flight
 o - 4 potions of haste
 s - 2 potions of brilliance
 t - 2 potions of mutation
 u - 5 potions of curing
 w - 4 potions of might
 x - a potion of ambrosia
 C - a potion of lignification {unknown}


   Skills:
 - Level 1.7 Fighting
 + Level 10.1 Axes
 - Level 2.1 Armour
 - Level 0.7 Dodging
 - Level 1.1 Stealth
 - Level 2.6 Evocations


You had 8 spell levels left.
You didn't know any spells.
Your spell library contained the following spells:

 Spells                   Type           Power      Damage    Failure   Level
 Apportation              Tloc           0%         N/A       100%        1
 Beastly Appendage        Tmut           0%         N/A       100%        1
 Freeze                   Ice            0%         1d3       100%        1
 Kiss of Death            Conj/Necr      0%         2d5       100%        1
 Magic Dart               Conj           0%         1d3       100%        1
 Summon Small Mammal      Summ           0%         N/A       100%        1
 Ensorcelled Hibernation  Hex/Ice        0%         N/A       100%        2
 Searing Ray              Conj           0%         2d4       100%        2
 Wereblood                Tmut           0%         N/A       100%        2
 Call Canine Familiar     Summ           0%         N/A       100%        3
 Confusing Touch          Hex            0%         N/A       100%        3
 Frozen Ramparts          Ice            0%         1d1       100%        3
 Hailstorm                Conj/Ice       0%         3d3       100%        3
 Spider Form              Tmut/Pois      0%         N/A       100%        3
 Summon Guardian Golem    Hex/Summ       0%         N/A       100%        3
 Anguish                  Hex/Necr       0%         N/A       100%        4
 Dispel Undead            Necr           0%         3d6       100%        4
 Fulminant Prism          Conj/Hex       0%         3d5       100%        4
 Ice Form                 Ice/Tmut       0%         N/A       100%        4
 Alistair's Intoxication  Tmut/Pois      0%         N/A       100%        5
 Simulacrum               Ice/Necr       0%         N/A       100%        6
 Malign Gateway           Summ/Tloc      0%         N/A       100%        7
 Summon Horrible Things   Summ           0%         N/A       100%        8


Dungeon Overview and Level Annotations

Branches:
Dungeon (6/15)             Temple (1/1) D:4         Ossuary (visited)

Altars:
Ashenzari
Cheibriados
Dithmenos
Elyvilon
Fedhas
Gozag
Hepliaklqana
Makhleb
Nemelex Xobeh
Okawaru
Qazlal
Ru
Sif Muna
Trog
Uskayaw
Vehumet
Wu Jian
Xom
Yredelemnul
Zin
The Shining One

Shops:
D:1 ?   D:3 *   D:5 :

Annotations:
D:6 3 exclusions, Maggie


Innate Abilities, Weirdness & Mutations

You are immune to sickness and miasma.
Your stone body is resilient. (AC +6)
You are immune to poison.
You resist negative energy. (rN+)
You are resistant to electric shocks. (rElec)
You are resistant to unholy torment.
You are immune to petrification.


Message History

The wight barely misses you. The wight attacks as you move away!
The wight hits you but does no damage.
You hit the wight but do no damage.
The wight is lightly damaged.
The wight hits you but does no damage.
You hit the wight but do no damage.
The wight is lightly damaged.
The wight hits you with a +0 dagger. The wight closely misses you.
You barely miss the wight.
The wight is lightly damaged.
The wight hits you but does no damage. You block the wight's attack.
The wight hits you but does no damage. The wight barely misses you.
You slash the wight!
The wight is heavily damaged.
You block the wight's attack.
The wight hits you from afar with a +0 halberd.
You slash the wight!
You destroy the wight!
The wight barely misses you.
You have reached level 9!
Your experience leads to an increase in your attributes!
Your base attributes are Str 18, Int 12, Dex 10.
Increase (S)trength, (I)ntelligence, or (D)exterity?
You feel stronger. x2
The wight hits you with a +0 falchion. The wight hits you but does no damage.
You hit the wight but do no damage. You slash the wight!
The wight hits you with a +0 falchion. The wight hits you but does no damage.
You closely miss the wight.
The wight is almost destroyed.
You barely miss the wight. You block the wight's attack.
The wight hits you with a +0 halberd! The wight attacks as you move away!
The wight hits you with a +0 falchion. The wight completely misses you.
The wight attacks as you move away! The wight hits you but does no damage.
The wight hits you with a +0 halberd! The wight attacks as you move away!
The wight hits you with a +0 halberd!
* * * LOW HITPOINT WARNING * * *
The wight hits you from afar with a +0 halberd!
You die...
Your body disappears without a glow.

.## ......# ###.# #......
#.......##... ##........
#...........## #.........#
...........#.# #.........#
#............###.........#
#...........)z##.........#
#...........zz.#.........#
#.........@###..........#
##........## ##.........#
######...# #.......##
##..## ###..#..# ##..##
##.# .# ##..## ##.. .
#..## ........# ##.##
....♣♣... ##..# ≈≈..♣♣...


You could see 3 wights.

Vanquished Creatures
  Sigmund (D:4)
  Menkaure (D:4)
  Edmund (D:4)
  Duvessa (D:6)
  A centaur (D:6)
  An elf zombie (Ossuary)
  Blork the orc (D:6)
  A gnoll sergeant (D:5)
  3 scorpions
  A wight (D:6)
  A howler monkey (D:6)
  3 centaur zombies (Ossuary)
  2 hounds (D:5)
  A human zombie (Ossuary)
  A jelly (D:5)
  2 sleepcaps (D:5)
  5 iguanas
  2 mummies (Ossuary)
  4 adders
  10 gnolls (D:5)
  A white imp (D:5)
  A worm zombie (D:4)
  2 adder zombies (Ossuary)
  2 worms
  2 dart slugs
  5 orcs
  A bat (D:1)
  5 endoplasms
  2 giant cockroaches
  6 goblins
  13 hobgoblins
  3 kobolds
  5 quokkas
  4 ball pythons (D:2)
  3 frilled lizards
  3 goblin zombies
  10 hobgoblin zombies (Ossuary)
  11 kobold zombies (Ossuary)
  8 orc zombies
  8 rats
138 creatures vanquished.

Vanquished Creatures (collateral kills)
  Dowan (D:6)
1 creature vanquished.

Grand Total: 139 creatures vanquished

Notes
Turn   | Place    | Note
-------+----------+-------------------------------------------
     0 | D:1      | Klatu the Gargoyle Artificer began the quest for the Orb.
     0 | D:1      | Reached XP level 1. HP: 12/12 MP: 1/1
    88 | D:1      | Found Ubrei's Magic Scroll Shoppe.
   249 | D:1      | Reached skill level 1 in Axes
   249 | D:1      | Reached XP level 2. HP: 4/17 MP: 2/2
   847 | D:1      | Bought a scroll of teleportation for 36 gold pieces
   847 | D:1      | Bought a scroll of identify for 24 gold pieces
   914 | D:2      | Reached skill level 2 in Axes
   914 | D:2      | Reached XP level 3. HP: 21/21 MP: 3/3
  1228 | D:2      | Identified the +0 robe of Zopn {Harm Int-5 Dex+5}
  1559 | D:2      | Reached skill level 3 in Axes
  1559 | D:2      | Reached XP level 4. HP: 25/26 MP: 4/4
  2121 | D:3      | Found Zin's Purification Station.
  2124 | D:3      | Found a glowing silver altar of Zin.
  2175 | D:3      | Noticed a scorpion
  2498 | D:4      | Found a sand-covered staircase.
  2531 | Ossuary  | Entered an ossuary
  2638 | Ossuary  | Reached XP level 5. HP: 30/30 MP: 5/5
  2676 | Ossuary  | Reached skill level 4 in Axes
  2742 | Ossuary  | Reached skill level 5 in Axes
  2742 | Ossuary  | Reached XP level 6. HP: 34/35 MP: 6/6
  2974 | D:4      | Found a staircase to the Ecumenical Temple.
  2983 | Temple   | Entered the Ecumenical Temple
  3030 | Temple   | Became a worshipper of Nemelex Xobeh the Trickster
  3267 | D:4      | Noticed Sigmund
  3275 | D:5      | Entered Level 5 of the Dungeon
  3440 | D:5      | Found Nuym's Book Boutique.
  3506 | D:5      | Reached skill level 6 in Axes
  3613 | D:5      | Reached XP level 7. HP: 32/39 MP: 7/7
  3971 | D:5      | Reached skill level 7 in Axes
  4444 | D:4      | Noticed Menkaure
  4499 | D:4      | Killed Sigmund
  4500 | D:4      | Reached skill level 8 in Axes
  4500 | D:4      | Reached XP level 8. HP: 38/44 MP: 8/8
  4653 | D:4      | Killed Menkaure
  4756 | D:4      | Found an opulent altar of Gozag.
  4835 | D:4      | Noticed Edmund
  4858 | D:4      | Killed Edmund
  4898 | D:3      | Reached skill level 9 in Axes
  4909 | D:3      | Reached * piety under Nemelex Xobeh
  5055 | D:4      | Received a gift from Nemelex Xobeh
  5761 | D:6      | Noticed Blork the orc
  5785 | D:6      | Killed Blork the orc
  5863 | D:6      | Reached ** piety under Nemelex Xobeh
  5904 | D:6      | Noticed Duvessa
  5918 | D:6      | Killed Duvessa
  6017 | D:6      | Received a gift from Nemelex Xobeh
  6038 | D:6      | Found an ornate altar of the Wu Jian Council.
  6043 | D:6      | Noticed Maggie
  6205 | D:6      | Identified the +3 flail "Ogre's Undoing" {spect, rElec rF+
                  | Int+2}
  6205 | D:6      | Noticed Dowan
  6287 | D:6      | Killed Dowan
  6288 | D:6      | Reached skill level 10 in Axes
  6358 | D:6      | Reached XP level 9. HP: 41/48 MP: 9/9
  6364 | D:6      | Slain by a wight

Illustrated notes

Levels and vault maps discovered:
D:1:      wander_arrival_estate, layout_basic, serial_shops, shop,
          minmay_splitting_lines, hangedman_decor_riveting
D:2:      layout_basic
D:3:      layout_basic, zin_purify
D:4:      layout_gridville, lemuel_doored_altar,
          minmay_temple_entry_statues_fountains, enter_ossuary_3, uniq_sigmund,
          uniq_edmund, uniq_menkaure
D:5:      layout_basic, serial_shops, shop_statue
D:6:      layout_cave_pods, nicolae_wu_jian_wuxing_cycle, uniq_maggie,
          uniq_duvessa, uniq_blork_the_orc
Temple:   dpeg_five_rooms_temple

Skill      XL: |  1  2  3  4  5  6  7  8 |
---------------+-------------------------+-----
Axes           | 1 2 3 5 6 8 10 | 10.1
Fighting       | |  1.7
Armour         | |  2.1
Dodging        | |  0.7
Stealth        | |  1.1
Evocations     | |  2.6

Action                     |  1- 3 |  4- 6 |  7- 9 || total
---------------------------+-------+-------+-------++-------
  Melee: Club              |    12 |       |       ||    12
         Hand axe          |   110 |   121 |    29 ||   260
         Dagger            |     9 |    99 |   217 ||   325
 Invoke: Draw Destruction  |       |       |     3 ||     3
         Draw Summoning    |       |       |     1 ||     1
  Evoke: Wand              |     5 |       |     3 ||     8
    Use: Scroll            |     1 |    13 |     2 ||    16
         Potion            |       |       |     1 ||     1
   Stab: Sleeping          |     1 |       |       ||     1
 Armour: Leather armour    |    23 |       |       ||    23
         Scale mail        |    43 |    86 |       ||   129
         Plate armour      |       |    23 |   144 ||   167
  Dodge: Dodged            |    52 |    76 |    79 ||   207
  Block: Buckler           |    16 |    24 |    30 ||    70
